 Dungeon Crawl Stone Soup version 0.22.0-81-g402daae900 (webtiles) character file.

12604 JedernureinKreuz the Destroyer (level 11, -24/83 HPs)
             Began as a Gnoll Conjurer on Sept 16, 2018.
             Was a Believer of Sif Muna.
             Killed from afar by an orc warrior (29 damage)
             ... with an exploding inner flame
             ... hexed by the player character
             ... on level 1 of the Orcish Mines.
             The game lasted 01:23:47 (13685 turns).

JedernureinKreuz the Destroyer (Gnoll Conjurer)    Turns: 13685, Time: 01:23:47

Health: -24/83     AC: 12    Str: 12    XL:     11   Next: 95%
Magic:  12/23      EV: 22    Int: 27    God:    Sif Muna [**....]
Gold:   81         SH:  8    Dex: 21    Spells: 9/26 levels left

rFire    . . .     SeeInvis +   W - +4 dagger of the Endless March {holy, MR+ Int+4}
rCold    . . .     Gourm    .   B - +2 buckler
rNeg     . . .     Faith    .   T - +3 troll leather armour {Snorg}
rPois    +         Spirit   .   N - +0 helmet
rElec    .         Reflect  .   d - +0 cloak {rPois}
rCorr    .         Harm     .   u - +0 pair of gloves
MR       +....                  (no boots)
Stlth    ++++......             (no amulet)
HPRegen  0.63/turn              Y - ring "Ikhicih" {Int+3 Dex+6 SInv}
MPRegen  0.18/turn              p - +4 ring of evasion

@: very slightly contaminated
A: distributed training, fangs 1, strong nose
a: Divine Energy, Renounce Religion


You were on level 1 of the Orcish Mines.
You worshipped Sif Muna.
Sif Muna was pleased with you.
You were very hungry.

You visited 3 branches of the dungeon, and saw 13 of its levels.

You collected 1131 gold pieces.
You spent 1050 gold pieces at shops.

Inventory:

Hand Weapons
 a - a +3 quarterstaff of chaos
 m - a +2 longbow of flaming
 x - a +2 dagger of venom
 S - a +0 whip of freezing
 U - a +2 antimagic quarterstaff
 W - the +4 dagger of the Endless March (weapon) {holy, MR+ Int+4}
   (You found it on level 8 of the Dungeon)

   It has been blessed by the Shining One to cause great damage to the undead
   and demons.
   It affects your intelligence (+4).
   It affects your resistance to hostile enchantments.
 Z - a +2 scimitar of electrocution
Missiles
 r - 40 tomahawks (quivered)
 v - 242 arrows
 y - 7 needles of sleeping
 A - 27 poisoned needles
 H - 121 bolts
Armour
 d - a +0 cloak of poison resistance (worn)
 g - a +2 robe of magic resistance
 u - a +0 pair of gloves (worn)
 B - a +2 buckler (worn)
 N - a +0 helmet (worn)
 T - a +3 troll leather armour (worn) {Snorg}
Jewellery
 p - a +4 ring of evasion (right hand)
 Y - the ring "Ikhicih" (left hand) {Int+3 Dex+6 SInv}
   (You found it on level 8 of the Dungeon)

   [ring of intelligence]

   It affects your intelligence (+3).
   It affects your dexterity (+6).
   It lets you see invisible.
Wands
 j - a wand of iceblast (10)
 D - a wand of random effects (13)
 E - a wand of digging (13)
 X - a wand of polymorph (19)
Scrolls
 b - 7 scrolls of remove curse
 e - a scroll of identify
 k - a scroll of fear
 w - a scroll of random uselessness {unknown}
 z - a scroll of magic mapping {unknown}
 C - 2 scrolls of blinking
 F - 2 scrolls of enchant weapon {unknown}
 J - 4 scrolls of teleportation
 K - a scroll of enchant armour {unknown}
 O - a scroll of immolation {unknown}
 Q - 2 scrolls of fog {unknown}
 V - a scroll of amnesia
Potions
 h - 3 potions of agility
 i - a potion of berserk rage {unknown}
 l - a potion of degeneration {unknown}
 n - 3 potions of haste
 o - 5 potions of curing
 q - 3 potions of heal wounds
 s - 4 potions of flight
 t - 2 potions of might
 G - a potion of resistance {unknown}
 I - 2 potions of magic
 L - a potion of lignification {unknown}
 M - a potion of mutation {unknown}
 R - a potion of ambrosia {unknown}
Comestibles
 c - 16 rations


   Skills:
 + Level 6.6 Fighting
 + Level 6.6 Short Blades
 + Level 6.6 Long Blades
 + Level 6.6 Axes
 + Level 6.6 Maces & Flails
 + Level 6.6 Polearms
 + Level 6.6 Staves
 + Level 6.6 Slings
 + Level 6.6 Bows
 + Level 6.6 Crossbows
 + Level 6.6 Throwing
 + Level 6.6 Armour
 + Level 8.2 Dodging
 + Level 7.9 Stealth
 + Level 6.6 Shields
 + Level 6.6 Unarmed Combat
 + Level 8.4 Spellcasting
 + Level 9.1 Conjurations
 + Level 5.5 Hexes
 + Level 5.5 Charms
 + Level 5.5 Summonings
 + Level 5.5 Necromancy
 + Level 5.5 Translocations
 + Level 5.5 Transmutations
 + Level 5.5 Fire Magic
 + Level 5.5 Ice Magic
 + Level 5.5 Air Magic
 + Level 5.5 Earth Magic
 + Level 5.5 Poison Magic
 + Level 7.3 Invocations
 + Level 6.6 Evocations


You had 9 spell levels left.
You knew the following spells:

 Your Spells              Type           Power        Failure   Level  Hunger
a - Magic Dart            Conj           ####         1%          1    None
b - Iskenderun's Mystic   Conj           ######..     1%          4    ##.....
c - Dazzling Spray        Conj/Hex       ######       1%          3    None
d - Slow                  Hex            #####...     1%          2    None
e - Inner Flame           Hex/Fire       #####...     1%          3    None
f - Cause Fear            Hex            #####.....   6%          4    ##.....

Your spell library contained the following spells:

 Spells                   Type           Power        Failure   Level  Hunger
 Corona                   Hex            #####..      1%          1    None
 Searing Ray              Conj           ######       1%          2    None
 Portal Projectile        Hex/Tloc       #####.       1%          3    None
 Static Discharge         Conj/Air       ######..     1%          3    None
 Force Lance              Conj/Tloc      ######..     3%          4    ##.....
 Fulminant Prism          Conj/Hex       ######....   3%          4    ##.....
 Leda's Liquefaction      Hex/Erth       #####.....   6%          4    ##.....
 Lightning Bolt           Conj/Air       ######....   9%          5    ####...
 Alistair's Intoxication  Tmut/Pois      #####...     19%         5    ####...
 Orb of Destruction       Conj           ######....   77%         7    #######
 Spellforged Servitor     Conj/Summ      ######....   95%         7    #######
 Ignition                 Fire           #####.....   100%        8    #######
 Shatter                  Erth           #####.....   100%        9    #######
 Tornado                  Air            #####.....   100%        9    #######


Dungeon Overview and Level Annotations

Branches:
Dungeon (10/15)            Temple (1/1) D:7            Lair (0/6) D:8
    Orc (2/2) D:10
    Elf: Orc:2

Altars:
Cheibriados
Dithmenos
Kikubaaqudgha
Makhleb
Okawaru
Qazlal
Sif Muna
Trog
Vehumet
Yredelemnul
Zin
The Shining One
Beogh

Shops:
D:7 (   Orc:1 :


Innate Abilities, Weirdness & Mutations

Your experience applies equally to all skills.
You have very sharp teeth.
Your uncanny sense of smell can sniff out nearby items.


Message History

Your skin tingles.
The orc warrior completely misses you. The orc warrior misses you.
Casting: Cause Fear (safe; 6% risk of failure)
Confirm with . or Enter, or press ? or * to list all spells.
The orc warrior looks frightened!
Casting: Cause Fear (safe; 6% risk of failure)
Confirm with . or Enter, or press ? or * to list all spells.
Aiming: Dazzling Spray (safe; 1% risk of failure)
Press: ? - help, Shift-Dir - straight line, f - orc warrior
Aim: an orc warrior, wielding a dire flail and wearing a plate armour The spray of energy hits the orc warrior.
The orc warrior is severely wounded.
The orc warrior is dazzled.
The orc warrior hits you with a dire flail!
* * * LOW HITPOINT WARNING * * *
You catch the helpless orc warrior completely off-guard!
You impale the orc warrior!!
The orc warrior explodes!
The fiery explosion engulfs you!
You die...

#.##.....[......#........##
.......##...)............#
.......#......>......##.##
..[.................#####
)<[.......#.^.......#
))))................###
....#..^....#.........####
...###..#.###..........#.###
..## #.....##..§@..........####
.## ##....####.#§§#....#......##
#####.#..#.#####§###.#####.....#
##.........##.....###..##.....#
#....#.##.##.......#.......#..##
##.##......##.#...###..##).....#
#####.....#...#...######.......
##.##.....#..#....#..#.#..[...
#...##.#..#...............)...


There were no monsters in sight!

Vanquished Creatures
  Snorg (Orc:1)
  Erolcha (D:10)
  Erica (D:8)
  3 two-headed ogres
  Pikel (D:7)
  4 trolls
  A hornet (D:8)
  A hippogriff (D:7)
  3 hungry ghosts
  A warg (Orc:1)
  Menkaure (D:5)
  2 soldier ants (D:8)
  Duvessa (D:7)
  2 water moccasins
  3 slaves (D:8)
  2 ice beasts
  16 orc warriors
  2 phantoms
  4 ogres
  4 centaurs
  2 big kobolds
  4 bullfrogs
  6 scorpions
  Dowan (D:7)
  6 howler monkeys
  2 bullfrog zombies (D:5)
  4 crimson imps
  Crazy Yiuf (D:5)
  4 jellies
  A quasit (D:9)
  10 orc priests
  6 hounds
  15 orc wizards
  A gnoll shaman (D:4)
  9 worker ants
  2 iguanas
  2 hound zombies (D:5)
  2 worker ant zombies (D:5)
  2 howler monkey zombies
  15 gnolls
  13 adders
  A shadow imp (D:6)
  An ooze (D:2)
  2 adder skeletons
  3 worms
  2 dart slugs
  7 leopard geckos
  61 orcs
  A ball python (D:5)
  7 giant cockroaches
  9 goblins
  5 hobgoblins
  14 jackals
  4 quokkas
  A ball python zombie (D:5)
  9 bats
  7 frilled lizards
  2 giant cockroach zombies (D:5)
  A jackal skeleton (D:5)
  2 jackal zombies (D:5)
  17 kobolds
  A leopard gecko skeleton (D:4)
  2 leopard gecko zombies (D:5)
  2 quokka skeletons
  9 rats
332 creatures vanquished.

Vanquished Creatures (others)
  A slave (D:8)
  A bullfrog skeleton (D:7)
  An orc (Orc:1)
3 creatures vanquished.

Grand Total: 335 creatures vanquished

Notes
Turn   | Place    | Note
-------+----------+-------------------------------------------
     0 | D:1      | JedernureinKreuz the Gnoll Conjurer began the quest for the
                  | Orb.
     0 | D:1      | Reached XP level 1. HP: 13/13 MP: 6/6
   140 | D:1      | Reached XP level 2. HP: 19/19 MP: 3/7
   494 | D:1      | Reached XP level 3. HP: 25/25 MP: 3/9
   524 | D:1      | Reached skill level 5 in Spellcasting
   935 | D:2      | Reached skill level 1 in Invocations
   962 | D:2      | Reached skill level 1 in Fighting
   962 | D:2      | Reached skill level 1 in Short Blades
   962 | D:2      | Reached skill level 1 in Long Blades
   962 | D:2      | Reached skill level 1 in Axes
   962 | D:2      | Reached skill level 1 in Maces & Flails
   962 | D:2      | Reached skill level 1 in Polearms
   962 | D:2      | Reached skill level 1 in Staves
   962 | D:2      | Reached skill level 1 in Slings
   962 | D:2      | Reached skill level 1 in Bows
   962 | D:2      | Reached skill level 1 in Crossbows
   962 | D:2      | Reached skill level 1 in Throwing
   962 | D:2      | Reached skill level 1 in Armour
   962 | D:2      | Reached skill level 1 in Shields
   962 | D:2      | Reached skill level 1 in Unarmed Combat
   962 | D:2      | Reached skill level 1 in Evocations
  1045 | D:2      | Reached XP level 4. HP: 29/32 MP: 2/11
  1229 | D:2      | Learned a level 4 spell: Iskenderun's Mystic Blast
  1233 | D:2      | Learned a level 3 spell: Dazzling Spray
  1491 | D:3      | Reached skill level 1 in Hexes
  1491 | D:3      | Reached skill level 1 in Charms
  1491 | D:3      | Reached skill level 1 in Summonings
  1491 | D:3      | Reached skill level 1 in Necromancy
  1491 | D:3      | Reached skill level 1 in Translocations
  1491 | D:3      | Reached skill level 1 in Transmutations
  1491 | D:3      | Reached skill level 1 in Fire Magic
  1491 | D:3      | Reached skill level 1 in Ice Magic
  1491 | D:3      | Reached skill level 1 in Air Magic
  1491 | D:3      | Reached skill level 1 in Earth Magic
  1491 | D:3      | Reached skill level 1 in Poison Magic
  1505 | D:3      | Reached XP level 5. HP: 35/37 MP: 2/12
  2754 | D:3      | Reached XP level 6. HP: 44/44 MP: 10/13
  3238 | D:4      | Reached skill level 5 in Dodging
  3932 | D:5      | Entered Level 5 of the Dungeon
  3936 | D:5      | Reached XP level 7. HP: 50/50 MP: 10/15
  4309 | D:5      | Reached skill level 5 in Stealth
  4779 | D:4      | Reached XP level 8. HP: 12/57 MP: 3/16
  5170 | D:5      | Noticed Menkaure
  5180 | D:5      | Killed Menkaure
  5241 | D:5      | Found a runed door.
  5245 | D:5      | Noticed Crazy Yiuf
  5251 | D:5      | Killed Crazy Yiuf
  6576 | D:6      | Learned a level 2 spell: Slow
  6580 | D:6      | Learned a level 3 spell: Inner Flame
  6611 | D:6      | Reached XP level 9. HP: 54/65 MP: 5/18
  6814 | D:7      | Found a staircase to the Ecumenical Temple.
  7237 | D:7      | Noticed Dowan
  7277 | D:7      | Killed Dowan
  7277 | D:7      | Noticed Duvessa
  7318 | Temple   | Entered the Ecumenical Temple
  7510 | Temple   | Became a worshipper of Sif Muna the Loreminder
  7531 | D:7      | Killed Duvessa
  7665 | D:7      | Reached skill level 8 in Conjurations
  7715 | D:7      | Found Kaniwy's Weapon Shoppe.
  8076 | D:7      | Reached skill level 5 in Invocations
  8474 | D:8      | Found a stormy altar of Qazlal.
  8608 | D:8      | Found a glowing silver altar of Zin.
  8680 | D:8      | Noticed a troll
  8704 | D:8      | Got a scorched dagger
  8705 | D:8      | Identified the +4 dagger of the Endless March {holy, MR+
                  | Int+4} (You found it on level 8 of the Dungeon)
  8711 | D:8      | Noticed a hornet
  8712 | D:8      | Killed a hornet
  8713 | D:8      | Reached XP level 10. HP: 73/73 MP: 20/20
  8950 | D:8      | Got a flickering steel ring
  8959 | D:8      | Identified the Reference Book on Destructive Transformation
  8999 | D:8      | Identified the ring "Ikhicih" {Int+3 Dex+6 SInv} (You found
                  | it on level 8 of the Dungeon)
  9053 | D:8      | Reached * piety under Sif Muna
  9056 | D:8      | Reached skill level 5 in Fighting
  9056 | D:8      | Reached skill level 5 in Short Blades
  9056 | D:8      | Reached skill level 5 in Long Blades
  9056 | D:8      | Reached skill level 5 in Axes
  9056 | D:8      | Reached skill level 5 in Maces & Flails
  9056 | D:8      | Reached skill level 5 in Polearms
  9056 | D:8      | Reached skill level 5 in Staves
  9056 | D:8      | Reached skill level 5 in Slings
  9056 | D:8      | Reached skill level 5 in Bows
  9056 | D:8      | Reached skill level 5 in Crossbows
  9056 | D:8      | Reached skill level 5 in Throwing
  9056 | D:8      | Reached skill level 5 in Armour
  9056 | D:8      | Reached skill level 5 in Shields
  9056 | D:8      | Reached skill level 5 in Unarmed Combat
  9056 | D:8      | Reached skill level 5 in Evocations
  9137 | D:8      | Noticed Erica
  9145 | D:8      | Killed Erica
  9200 | D:8      | Found a basalt altar of Yredelemnul.
  9200 | D:8      | Found a bloodstained altar of Trog.
  9209 | D:8      | Found a staircase to the Lair.
  9211 | D:8      | Noticed a two-headed ogre
  9267 | D:8      | Killed a two-headed ogre
  9470 | D:8      | Found a burning altar of Makhleb.
  9549 | D:8      | Noticed Pikel
  9609 | D:7      | Killed Pikel
 10857 | D:9      | Reached XP level 11. HP: 81/81 MP: 22/22
 10867 | D:9      | Found a glowing golden altar of the Shining One.
 11079 | D:9      | Noticed a two-headed ogre
 11092 | D:9      | Killed a two-headed ogre
 11417 | D:10     | Entered Level 10 of the Dungeon
 11456 | D:10     | Noticed a two-headed ogre
 11457 | D:10     | Killed a two-headed ogre
 11457 | D:10     | Reached skill level 5 in Hexes
 11457 | D:10     | Reached skill level 5 in Charms
 11457 | D:10     | Reached skill level 5 in Summonings
 11457 | D:10     | Reached skill level 5 in Necromancy
 11457 | D:10     | Reached skill level 5 in Translocations
 11457 | D:10     | Reached skill level 5 in Transmutations
 11457 | D:10     | Reached skill level 5 in Fire Magic
 11457 | D:10     | Reached skill level 5 in Ice Magic
 11457 | D:10     | Reached skill level 5 in Air Magic
 11457 | D:10     | Reached skill level 5 in Earth Magic
 11457 | D:10     | Reached skill level 5 in Poison Magic
 11708 | D:10     | Found a staircase to the Orcish Mines.
 11803 | D:10     | Found a roughly hewn altar of Beogh.
 11816 | Orc:1    | Entered Level 1 of the Orcish Mines
 11880 | D:10     | Upgraded the game from 0.22.0-76-g6cd1571672 to
                  | 0.22.0-81-g402daae900
 11900 | Orc:1    | Noticed Erolcha
 11903 | Orc:1    | Noticed Snorg
 11919 | D:10     | Killed Erolcha
 11919 | D:10     | Reached ** piety under Sif Muna
 11968 | Orc:1    | Killed Snorg
 11968 | Orc:1    | Reached skill level 9 in Conjurations
 12077 | Orc:1    | Noticed an orc warlord
 13350 | Orc:1    | Found Basmiuh's Book Boutique.
 13421 | Orc:1    | Bought a book of the Tempests for 1050 gold pieces
 13426 | Orc:1    | Learned a level 4 spell: Cause Fear
 13638 | Orc:2    | Entered Level 2 of the Orcish Mines
 13669 | Orc:1    | HP: 4/83 [orc warrior/dire flail (9)]
 13685 | Orc:1    | Killed from afar by an orc warrior

Skill      XL: |  1  2  3  4  5  6  7  8  9 10 11 |
---------------+----------------------------------+-----
Spellcasting   | 5 6 7 8 |  8.4
Invocations    | 1 2 3 4 5 6 7 |  7.3
Fighting       | 1 2 3 4 5 6 |  6.6
Short Blades   | 1 2 3 4 5 6 |  6.6
Long Blades    | 1 2 3 4 5 6 |  6.6
Axes           | 1 2 3 4 5 6 |  6.6
Maces & Flails | 1 2 3 4 5 6 |  6.6
Polearms       | 1 2 3 4 5 6 |  6.6
Staves         | 1 2 3 4 5 6 |  6.6
Slings         | 1 2 3 4 5 6 |  6.6
Bows           | 1 2 3 4 5 6 |  6.6
Crossbows      | 1 2 3 4 5 6 |  6.6
Throwing       | 1 2 3 4 5 6 |  6.6
Armour         | 1 2 3 4 5 6 |  6.6
Shields        | 1 2 3 4 5 6 |  6.6
Unarmed Combat | 1 2 3 4 5 6 |  6.6
Evocations     | 1 2 3 4 5 6 |  6.6
Hexes          | 1 2 3 4 5 |  5.5
Charms         | 1 2 3 4 5 |  5.5
Summonings     | 1 2 3 4 5 |  5.5
Necromancy     | 1 2 3 4 5 |  5.5
Translocations | 1 2 3 4 5 |  5.5
Transmutations | 1 2 3 4 5 |  5.5
Fire Magic     | 1 2 3 4 5 |  5.5
Ice Magic      | 1 2 3 4 5 |  5.5
Air Magic      | 1 2 3 4 5 |  5.5
Earth Magic    | 1 2 3 4 5 |  5.5
Poison Magic   | 1 2 3 4 5 |  5.5
Dodging        | 5 6 7 8 |  8.2
Stealth        | 5 6 7 |  7.9
Conjurations   | 8 9 |  9.1

Action                   |  1- 3 |  4- 6 |  7- 9 | 10-12 || total
-------------------------+-------+-------+-------+-------++-------
Melee: Unarmed           |     9 |       |       |       ||     9
       Short sword       |    27 |    72 |   312 |       ||   411
       Dagger            |    11 |       |    97 |   664 ||   772
       Bite              |     1 |     5 |    45 |    91 ||   142
       Scimitar          |       |       |       |     9 ||     9
Throw: Tomahawk          |       |     6 |    37 |     1 ||    44
       Stone             |       |       |     3 |       ||     3
 Cast: Magic Dart        |    59 |   117 |   209 |   122 ||   507
       Iskenderun's Myst |       |     8 |    36 |    25 ||    69
       Dazzling Spray    |       |       |    10 |    32 ||    42
       Slow              |       |       |     3 |    10 ||    13
       Inner Flame       |       |       |     2 |     4 ||     6
       Cause Fear        |       |       |       |     2 ||     2
  Use: Scroll            |       |       |    11 |     6 ||    17
       Potion            |       |       |     1 |       ||     1
 Stab: Sleeping          |       |     1 |     4 |     8 ||    13
       Invisible         |       |       |     2 |    16 ||    18
  Eat: Chunk             |       |    10 |    10 |    15 ||    35
       Ration            |       |       |     4 |     1 ||     5
Armor: Robe              |     5 |    11 |    28 |       ||    44
       Leather armour    |    13 |     8 |    31 |    41 ||    93
       Troll leather arm |       |       |       |    26 ||    26
Dodge: Dodged            |    52 |    57 |   328 |   442 ||   879
Block: Buckler           |       |    20 |   155 |   248 ||   423
       Rpst.: Scimitar   |       |       |       |     2 ||     2
